Map: Overgrown Facility

Players

MonstroTown - Winner!

  • Race: Terran Terran
  • Spawn Location: 7:00

Michael - Winner!

  • Race: Zerg Zerg
  • League: Gold
  • Spawn Location: 9:00

theFool

  • Race: Protoss Protoss
  • Spawn Location: 3:00

Mohamad

  • Race: Terran Terran
  • Spawn Location: 1:00

VOD

Have the link to the VOD?

Description

Time

  • Played on: Sept. 9, 2018, 6:24 p.m.
  • Length: 19:43
Show
View Real Time Build Order
Export as new Build Order

MonstroTown Terran - Winner!

Build Orders: Reaper Expand, MMM Bio 

Get SALT Encoding   

  12  0:01  SCV  
  13  0:13  SCV  
  14  0:23  Supply Depot  
  14  0:25  SCV  
  15  0:45  SCV  
  15  0:46  Barracks  
  16  0:52  Refinery  
  16  0:57  SCV  
  17  1:09  SCV  
  18  1:21  SCV  
  19  1:35  Reaper  
  19  1:36  Orbital Command  
  20  1:48  Command Center  
  20  2:02  Barracks  
  20  2:07  SCV  
  21  2:18  Barracks Reactor  
  21  2:22  SCV  
  22  2:34  SCV  
  23  2:38  Supply Depot  
  23  2:44  Factory  
  23  2:53  Barracks Tech Lab  
  23  3:00  SCV  
  23  3:05  Bunker  
  24  3:09  Orbital Command  
  24  3:12  SCV  
  27  3:13  Marauder, Marine x2  
  27  3:19  Refinery  
  29  3:25  Barracks  
  29  3:36  Marauder  
  29  3:37  Factory Tech Lab  
  29  3:38  Marine x2  
  32  3:54  Starport  
  32  3:59  Engineering Bay  
  32  4:04  Supply Depot  
  32  4:07  SCV x2  
  34  4:14  Barracks Reactor  
  34  4:17  Combat Shields  
  34  4:21  Marine  
  34  4:22  SCV  
  36  4:38  Bunker x2, Marine  
  36  4:40  Liberator  
  36  4:42  Marauder  
  36  4:43  Marine  
  40  4:48  Supply Depot  
  40  4:51  Marine x2  
  42  4:56  Marine  
  46  5:03  Marine  
  40  5:14  Marine  
  40  5:16  Marine x2  
  42  5:22  Marine  
  38  5:38  Marine  
  38  5:40  Marine  
  36  5:50  Bunker  
  34  6:01  Orbital Command  
  33  6:27  Supply Depot x3  
  33  6:32  Liberator  
  33  6:48  SCV x2, Marine x3  
  33  6:49  Siege Tank  
  44  6:55  Stimpack  
  44  6:56  Engineering Bay  
  44  6:57  Armory  
  44  7:06  Marine x3  
  47  7:21  Bunker  
  47  7:24  Bunker, Marine x3  
  47  7:25  Siege Tank  
  47  7:29  Terran Infantry Weapons Level 1  
  53  7:30  Terran Infantry Armor Level 1  
  53  7:34  Starport Tech Lab  
  53  7:44  Command Center  
  53  7:51  Supply Depot x2  
  53  7:53  Supply Depot  
  53  7:54  SCV  
  54  8:02  Supply Depot  
  54  8:05  Supply Depot  
  54  8:06  Supply Depot  
  54  8:12  Raven, SCV x2, Marine x2  
  60  8:24  SCV  
  60  8:26  Siege Tank, Marauder  
  66  8:48  Marauder  
  68  8:53  Marine  
  68  8:54  Marine  
  67  9:05  Siege Tank  
  67  9:06  Barracks  
  67  9:07  Barracks x2  
  70  9:10  Refinery  
  70  9:11  Missile Turret, Refinery  
  70  9:27  Terran Infantry Weapons Level 2  
  70  9:35  Marine  
  70  9:36  Marine x2  
  70  9:38  Banshee  
  63  10:03  Barracks Tech Lab, Barracks Reactor x2  
  63  10:09  Orbital Command  
  63  10:12  Refinery x2  
  63  10:13  Marine  
  63  10:14  Marine  
  65  10:16  Siege Tank  
  65  10:34  Marine  
  65  10:35  Marine x3  
  65  10:44  Marine x3  
  65  10:45  Marine  
  65  10:47  Terran Infantry Armor Level 2  
  65  10:49  Terran Vehicle Weapons Level 1  
  69  10:52  Marine  
Show
View Real Time Build Order
Export as new Build Order

Michael Zerg - Winner!

Build Orders: Hatch First 

Get SALT Encoding   

  12  0:01  Drone  
  13  0:12  Overlord  
  13  0:17  Drone  
  14  0:31  Drone x2  
  14  0:34  Drone  
  17  0:46  Drone  
  18  0:59  Hatchery  
  18  1:01  Drone  
  18  1:04  Extractor  
  17  1:16  Spawning Pool  
  16  1:20  Drone  
  16  1:24  Drone  
  18  1:31  Drone  
  19  1:43  Drone  
  20  1:53  Overlord  
  20  2:03  Queen  
  20  2:08  Metabolic Boost  
  22  2:11  Queen  
  22  2:13  Zergling x2  
  22  2:15  Zergling x2  
  26  2:19  Drone  
  26  2:22  Drone  
  28  2:25  Drone  
  29  2:34  Drone x2  
  31  2:50  Queen  
  33  2:51  Drone x2  
  33  2:54  Overlord  
  35  3:04  Roach Warren, Drone  
  35  3:08  Drone  
  35  3:12  Extractor, Drone  
  36  3:16  Overlord  
  36  3:18  Drone  
  37  3:21  Drone  
  37  3:23  Drone  
  39  3:31  Extractor  
  38  3:39  Lair  
  37  3:46  Drone x3  
  40  3:51  Zergling x6  
  43  4:11  Drone x6  
  48  4:17  Hatchery  
  47  4:26  Roach x2  
  51  4:34  Overlord x3  
  51  4:35  Overlord  
  51  4:39  Glial Reconstitution  
  51  4:45  Evolution Chamber  
  50  4:46  Hydralisk Den  
  50  4:47  Overlord  
  49  4:57  Roach x3  
  49  4:59  Roach  
  57  5:03  Roach  
  57  5:04  Zergling x2  
  60  5:17  Roach  
  60  5:18  Roach x3  
  67  5:22  Zergling x4  
  67  5:23  Zergling x2  
  70  5:30  Zergling x4  
  70  5:35  Roach  
  74  5:38  Zergling x8  
  78  5:45  Queen  
  78  5:48  Zergling x4  
  77  6:10  Roach x5  
  77  6:11  Roach x2  
  80  6:29  Overlord x2  
  80  6:31  Drone x5  
  80  6:32  Drone x2  
  86  6:37  Muscular Augments  
  86  6:38  Zerg Missile Weapons Level 1  
  83  6:44  Evolution Chamber  
  78  6:50  Spire  
  63  7:10  Infestation Pit, Zerg Ground Armor Level 1  
  62  7:25  Drone  
  62  7:26  Drone x13  
  76  7:31  Extractor  
  76  7:32  Extractor  
  76  7:33  Spore Crawler x2  
  76  7:35  Drone, Spine Crawler  
  72  7:47  Hatchery  
  71  7:51  Hydralisk  
  71  7:53  Hydralisk  
  75  8:01  Drone x2  
  75  8:05  Extractor  
  76  8:06  Drone  
  76  8:07  Drone x2  
  76  8:10  Spore Crawler  
  78  8:15  Spore Crawler  
  77  8:22  Hive  
  77  8:25  Grooved Spines, Hydralisk x4  
  85  8:28  Hydralisk  
  85  8:32  Queen  
  89  8:36  Queen  
  91  8:53  Drone x12  
  103  9:11  Queen  
  105  9:21  Zerg Ground Armor Level 2  
  105  9:22  Zerg Missile Weapons Level 2  
  105  9:25  Hydralisk x3  
  111  9:34  Overlord x3, Zergling x2  
  111  9:35  Overlord x2  
  83  9:55  Zergling x2  
  83  9:56  Zergling x32  
  94  10:04  Zergling x6  
  97  10:10  Queen  
  99  10:26  Roach  
  99  10:27  Roach x7  
Show
View Real Time Build Order
Export as new Build Order

theFool Protoss 

Build Orders: Blink Stalkers 

Get SALT Encoding   

  12  0:05  Probe  
  13  0:17  Probe  
  14  0:29  Probe  
  14  0:30  Pylon  
  15  0:36  Assimilator  
  15  0:46  Probe  
  15  0:55  Probe  
  16  1:03  Assimilator, Gateway  
  17  1:04  Probe  
  18  1:16  Probe  
  19  1:24  Probe, Pylon  
  19  1:32  Probe  
  21  1:43  Probe  
  22  1:53  Gateway  
  22  2:02  Cybernetics Core  
  22  2:19  Warp Gate  
  22  2:34  Gateway  
  22  2:37  Pylon  
  22  2:47  Twilight Council  
  20  3:11  Stalker x2  
  24  3:18  Blink  
  24  3:24  Stalker, Pylon  
  26  3:41  Stalker  
  28  3:44  Stalker  
  30  4:35  Gateway  
  30  4:37  Gateway  
  30  4:44  Stalker  
  30  4:45  Stalker  
  34  5:12  Pylon  
  34  5:16  Stalker x3  
  30  5:49  Stalker  
  32  5:50  Stalker x4  
  25  6:25  Stalker  
  25  6:26  Stalker x3  
  25  6:45  Stalker  
  21  6:58  Stalker x2  
  25  7:31  Nexus  
  25  7:54  Stalker x3  
  31  8:07  Stalker  
  33  8:21  Stalker x2  
  36  9:00  Probe  
  37  9:06  Probe  
  38  9:28  Stalker x2  
  20  10:05  Stalker x3  
  20  10:06  Stalker x2  
  30  10:11  Probe x2  
Show
View Real Time Build Order
Export as new Build Order

Mohamad Terran 

Build Orders:  

Get SALT Encoding   

  12  0:01  SCV  
  13  0:13  SCV  
  14  0:23  Supply Depot  
  14  0:25  SCV  
  15  0:45  SCV  
  15  0:48  Barracks  
  16  0:52  Refinery  
  16  0:57  SCV  
  17  1:09  SCV  
  18  1:12  Refinery  
  18  1:21  SCV  
  19  1:33  SCV  
  20  1:48  Supply Depot  
  20  1:51  Factory  
  20  1:54  Orbital Command  
  20  2:12  Factory  
  20  2:19  Reaper  
  20  2:20  SCV  
  22  2:32  SCV  
  23  2:41  Factory Tech Lab  
  23  2:45  Supply Depot  
  23  2:46  SCV  
  24  2:59  Marine  
  24  3:00  Siege Tank  
  24  3:01  Factory Tech Lab  
  28  3:34  Marine  
  28  3:35  Siege Tank  
  32  3:49  Siege Tank  
  32  3:52  Marine  
  36  3:59  Supply Depot  
  36  4:08  Siege Tank  
  39  4:10  Marine  
  40  4:31  Marine  
  40  4:32  Siege Tank  
  44  4:42  Supply Depot  
  44  4:43  Hellion  
  46  4:56  Marine  
  47  5:04  Siege Tank  
  45  5:14  Marine  
  45  5:16  Siege Tank  
  39  6:06  Marine  
  39  6:07  Siege Tank x2  
  37  6:24  Marine  
  38  6:28  Supply Depot  
  32  6:49  Siege Tank x2  
  37  6:57  Marine  
  37  6:59  SCV  
  38  7:08  Command Center  
  38  7:11  SCV  
  39  7:16  Command Center  
  39  7:18  Marine  
  39  7:19  Refinery  
  39  7:20  Refinery  
  40  7:23  SCV  
  41  7:35  SCV, Marine  
  43  7:47  SCV  
  44  7:57  Armory  
  44  8:01  Siege Tank x2, Armory  
  44  8:03  Marine  
  51  8:07  SCV  
  52  8:19  SCV  
  53  8:22  Marine  
  53  8:23  SCV  
  55  8:31  SCV  
  56  8:35  SCV  
  57  8:43  Siege Tank x2  
  57  8:46  Marine  
  57  8:47  SCV  
  66  8:54  Orbital Command  
  65  9:03  SCV  
  65  9:04  SCV  
  67  9:17  Thor  
  42  10:06  Marine  
  43  10:07  Siege Tank x2  
Tags
 
Add a new tag
Caveats
  • Supply blocks, unpowered buildings, or Contaminate may cause inaccurate times.
  • Supply counts are checked every 10 seconds.